[Event "*** Titled Tuesday Blitz"]
[Site "Chess.com"]
[Date "2020.11.03"]
[Round "2"]
[White "AryanTari"]
[Black "pedromartinez91"]
[Result "1-0"]
[WhiteElo "2905"]
[BlackElo "2587"]
[TimeControl "180+1"]
[EndTime "10:19:26 PST"]
[Termination "AryanTari won by resignation"]

1. c4 e6 2. Nc3 d5 3. e3 Nf6 4.
Nf3 Be7 5. b3 c5 6. cxd5 exd5 7.
Bb5+ Nc6 8. O-O O-O 9. d4 cxd4 10. Nxd4 Bd7 11. Bxc6 bxc6 12. Bb2 Bd6 13. Nce2 Ng4 14. Ng3 Qh4 15. Nf3 Qh6 16. Qd4 Rfb8 17. Bc3 Be6 18. e4 c5 19. Qd3 d4 20. Bd2 Bf4 21.
Bxf4 Qxf4 22. Rae1 a5 23. e5 Bd5 24. Qf5 Qxf5 25. Nxf5 Bxf3 26. gxf3 Nh6 27. Nxh6+ gxh6 28. Rc1 Rb5 29. Rc4 a4 30. bxa4 Rba5 31. Rd1 Kg7 32. Rdc1 Rxa4 33. Rxc5 Rxa2 34. Rc7 d3 35. Rd7 d2 36. Rd1 R8a5 37. e6 Re5 38. e7 Re1+ 39. Kg2 Re6 40. f4 Kf6 41. f5 Rxe7 42. R7xd2 Re5 43.
Rxa2 1-0

[Event "*** Titled Tuesday Blitz"]
[Site "Chess.com"]
[Date "2020.11.03"]
[Round "2"]
[White "Tashik"]
[Black "Nikolakis2014"]
[Result "0-1"]
[WhiteElo "2494"]
[BlackElo "2748"]
[TimeControl "180+1"]
[EndTime "10:19:26 PST"]
[Termination "Nikolakis2014 won on time"]

1. c4 Nf6 2. Nc3 g6 3. e4 d6 4. d4 Bg7 5. f4 O-O 6. Nf3 c5 7. d5 e6 8. dxe6 Bxe6 9. Bd3 Nc6 10. f5 Bd7 11. O-O Ng4 12. Bg5 Bf6 13. Qd2 Nce5 14. Bxf6 Qxf6 15. Nd5 Nxf3+ 16. gxf3 Qd4+ 17. Kh1 Nf6 18. Rad1 Nxd5 19. cxd5 Kh8 20. Qf4 gxf5 21. Qxd6 Rad8 22.
e5 Be6 23. Bb1 Rxd6 24. Rxd4 Rxd5 25. Rxd5 Bxd5 26. Bxf5 Re8 27. Be4 Rxe5 28. Bxd5 Rxd5 29. Rf2 Kg7 30. Kg2 Kf6 31. f4 Rd3 32. Re2 c4 33.
Rc2 b5 34. Rf2 Kf5 35. Re2 a6 36. Rf2 a5 37. Kf1 a4 38. a3 h5 39. Ke2 Rb3 40.
Kd1 h4 41. Kc2 h3 42. Kc1 Ke4 43. Kc2 Rf3 44. Re2+ Kxf4 45. Re7 Rf2+ 46. Kc3 f5 47. Rb7 Rxh2 48. Rxb5 Rg2 49. Rb8 h2 50. Rh8 Kg3 51.
Kxc4 Rxb2 0-1

[Event "*** Titled Tuesday Blitz"]
[Site "Chess.com"]
[Date "2020.11.03"]
[Round "2"]
[White "Ladislav1969"]
[Black "asms9699"]
[Result "1-0"]
[WhiteElo "2341"]
[BlackElo "2547"]
[TimeControl "180+1"]
[EndTime "10:19:26 PST"]
[Termination "Ladislav1969 won by resignation"]

1. e4 e6 2. d4 d5 3. e5 c5 4. c3 Qb6 5. Nf3 Bd7 6. a3 Bb5 7. c4 Bxc4 8. Bxc4 dxc4 9. Nbd2 cxd4 10. Nxc4 Qc5 11. Qxd4 Nc6 12. Qxc5 Bxc5 13. b4 Be7 14.
Bf4 O-O-O 15. Rc1 Kb8 16. Nd6 Bxd6 17. exd6 a6 18. d7+ Ka7 19. Ne5 Nxe5 20. Bxe5 Nf6 21. Bd4+ Ka8 22. Bxf6 gxf6 23. Rd1 Kb8 24. Ke2 Kc7 25.
Rc1+ Kb8 26. Rhd1 Rhg8 27. g3 Rg5 28. Rd6 Rd5 29. Rxd5 exd5 30. Kd3 Rxd7 31. Kd4 Rd8 32. Rc5 Re8 33. Rxd5 Re2 34. Rf5 Kc7 35. Rxf6 Re7 36.
Kd5 Rd7+ 37. Kc5 Re7 38. h4 Re5+ 39. Kd4 Re7 40. h5 Kd8 41. Rh6 Rd7+ 42. Ke3 Rc7 43.
Rxh7 Rc3+ 44. Ke4 Ke7 45. Rh8 Rxa3 46. Rb8 b5 47. h6 Ra4 48. h7 Rxb4+ 49. Ke3 1-0

[Event "*** Titled Tuesday Blitz"]
[Site "Chess.com"]
[Date "2020.11.03"]
[Round "2"]
[White "WeAintSurePal"]
[Black "Andreikka"]
[Result "0-1"]
[WhiteElo "2353"]
[BlackElo "2908"]
[TimeControl "180+1"]
[EndTime "10:19:29 PST"]
[Termination "Andreikka won on time"]

1. d4 Nf6 2. Nf3 e6 3. Bg5 h6 4. Bh4 d5 5. Nbd2 Nbd7 6. e3 g5 7. Bg3 Nh5 8. Bd3 Bg7 9. c3 Nxg3 10. hxg3 c5 11. Qe2 Qe7 12. e4 cxd4 13. Nxd4 Nc5 14. Bb5+ Bd7 15. exd5 exd5 16. Bxd7+ Kxd7 17. Qxe7+ Kxe7 18. Nf5+ Kf6 19. Nxg7 Kxg7 20. O-O Rhe8 21. Nf3 Na4 22. Rad1 Nxb2 23. Rxd5 Na4 24. c4 Rac8 25. Rc1 Nb6 26. Rb5 Re2 27. a4 Ra2 28. a5 Rxc4 29. Rd1 Nc8 30.
Rxb7 Rxa5 31. Rdd7 Rc1+ 32. Kh2 Raa1 33. Rxf7+ Kg8 34.
Rg7+ Kf8 35. g4 Nd6 36. Rbe7 Rh1+ 37. Kg3 Ne4+ 38. Rxe4 Kxg7 39. Nd4 a5 40. Re7+ Kf6 41. Re6+ Kf7 42. Ra6 a4 43. Nf5 a3 44. Nxh6+ Ke8 45. Nf5 Rhc1 46. Nd6+ Kd7 47. Ne4 a2 48. Ra7+ Kc8 49.
Nd6+ Kb8 50. Rb7+ Ka8 51. Rb2 Rc3+ 52. f3 Ra3 53. Nb5 Rd3 54. Nc7+ Ka7 55. Nb5+ Ka6 56. Nc7+ Ka5 57. Ne6 Rc3 58. Nd4 Ka4 0-1

[Event "*** Titled Tuesday Blitz"]
[Site "Chess.com"]
[Date "2020.11.03"]
[Round "2"]
[White "Alomaterapia"]
[Black "Harsha_Bharathakoti"]
[Result "0-1"]
[WhiteElo "2519"]
[BlackElo "2808"]
[TimeControl "180+1"]
[EndTime "10:19:30 PST"]
[Termination "Harsha_Bharathakoti won on time"]

1. e4 c6 2. d4 d5 3. e5 c5 4. dxc5 e6 5. Bd3 Nd7 6. Nf3 Nxc5 7. O-O Nxd3 8. Qxd3 Ne7 9. c4 dxc4 10. Qxc4 Nd5 11.
Nc3 Nxc3 12. Qxc3 Be7 13. Be3 O-O 14. Rfd1 Bd7 15. Qb3 Qe8 16. Qxb7 Bc6 17. Qc7 Bd5 18. Nd4 Bd8 19. Qc3 Bb6 20. a4 Rc8 21. Qd2 Bxd4 22.
Qxd4 a6 23. Rdc1 Qd7 24. Qg4 Kh8 25. h4 h6 26. Bc5 Rfe8 27. b4 Qb7 28. Qg3 Red8 29.
Rc3 Be4 30. Re1 Bf5 31. Qf4 Qd7 32. Rg3 Bg6 33. Bd6 Qxa4 34. Qg4 Rg8 35. h5 Bf5 36. Qf3 Qc2 37. Kh2 Rc4 38. Kg1 Re4 39. Rxe4 Bxe4 40.
Qxf7 Bf5 0-1

[Event "*** Titled Tuesday Blitz"]
[Site "Chess.com"]
[Date "2020.11.03"]
[Round "2"]
[White "Susal_De_Silva"]
[Black "Dr-Bassem"]
[Result "0-1"]
[WhiteElo "2518"]
[BlackElo "2798"]
[TimeControl "180+1"]
[EndTime "10:19:30 PST"]
[Termination "Dr-Bassem won by resignation"]

1. e4 e5 2. Nf3 Nc6 3. d4 exd4 4. Bc4 Bc5 5. c3 Nf6 6. O-O Nxe4 7. cxd4 d5 8. dxc5 dxc4 9. Qe2 Qd3 10. Re1 f5 11. Qxd3 cxd3 12. Nc3 O-O 13. Nxe4 fxe4 14. Rxe4 Bf5 15.
Re1 Nb4 16. Nd4 Rad8 17. Be3 Rd5 18. a3 Nc2 19. Nxc2 dxc2 20. f3 Rfd8 21. Rac1 Rd1 22.
Kf2 Kf7 23. g4 Bg6 24. Ke2 Rxe1+ 25. Kxe1 Ke6 26. Ke2 Kd5 27. b3 Kc6 28. h4 h6 29.
h5 Bd3+ 30. Ke1 Bh7 31. Kf2 Rd3 32. b4 Rxa3 33. f4 Be4 34. f5 Kd5 35. f6 gxf6 36.
Bxh6 Rf3+ 37. Ke2 Rg3 38. Bf4 Rxg4 39. Bxc7 Kd4 40. Bd8 Rg2+ 41. Kf1 Ke3 42. Bxf6 Rf2+ 43. Ke1 Rxf6 44. Ra1 Bd3 0-1

[Event "*** Titled Tuesday Blitz"]
[Site "Chess.com"]
[Date "2020.11.03"]
[Round "2"]
[White "valeriocarnicelli"]
[Black "yobdc"]
[Result "1-0"]
[WhiteElo "2575"]
[BlackElo "2321"]
[TimeControl "180+1"]
[EndTime "10:19:32 PST"]
[Termination "valeriocarnicelli won on time"]

1. e4 c6 2. Nc3 d5 3. Nf3 Bg4 4.
h3 Bxf3 5. Qxf3 e6 6. d4 Bb4 7.
e5 Ne7 8. Bd3 c5 9. a3 Ba5 10. b4 cxb4 11. Nb5 b3+ 12. c3 O-O 13. Bd2 Nbc6 14. Qg4 a6 15. Nd6 Bc7 16. Nxb7 Qc8 17. Nc5 Na5 18. f4 Nf5 19. O-O Bb6 20. Na4 Rb8 21.
Nxb6 Rxb6 22. Qf3 Nc4 23. Bxc4 Qxc4 24. Rab1 b2 25. g4 Ne7 26. Rf2 Qa2 27. Qd1 Rfb8 28. f5 exf5 29. gxf5 Qxa3 30. Rg2 Nxf5 31. Kh2 g6 32. Qc2 Nh4 33. Rg3 Kf8 34. Bh6+ Ke8 35.
Bg5 Nf5 36. Rg2 Qb3 37. Qd2 a5 38. Bf4 a4 39. e6 fxe6 40. Bxb8 a3 41. Qg5 Rxb8 42.
Qf6 Kd7 43. Re2 1-0

[Event "*** Titled Tuesday Blitz"]
[Site "Chess.com"]
[Date "2020.11.03"]
[Round "2"]
[White "VALPARAISO37"]
[Black "Tomekas1"]
[Result "0-1"]
[WhiteElo "2264"]
[BlackElo "2456"]
[TimeControl "180+1"]
[EndTime "10:19:32 PST"]
[Termination "Tomekas1 won on time"]

1. d4 d5 2. c4 c6 3. Nc3 e5 4.
dxe5 d4 5. Ne4 Qa5+ 6. Bd2 Qxe5 7. Ng3 Nf6 8. Nf3 Qd6 9. e3 dxe3 10. Bxe3 Qxd1+ 11. Rxd1 Bb4+ 12. Bd2 Bxd2+ 13. Rxd2 O-O 14. h3 c5 15. Bd3 Nc6 16. a3 Re8+ 17. Kd1 h6 18.
Re1 Be6 19. Kc2 Na5 20. b3 b5 21. cxb5 Bxb3+ 22. Kc3 Nd5+ 23. Kb2 c4 24. Bh7+ Kxh7 25. Rdd1 c3+ 26. Kc1 Bxd1 27. Rxd1 Nf4 28. Kc2 Rad8 29. Rxd8 Rxd8 30. Kxc3 Nxg2 31. Kb4 Nb7 32. Ne5 Rd4+ 33. Kc3 Rd5 34. Nxf7 Rxb5 35. a4 Rd5 36. Ne4 Nf4 37. h4 Nc5 38. Nxc5 Rxc5+ 39. Kb4 Rf5 40. Nd6 Rf6 41.
Kc5 Nd3+ 42. Kd5 Rxf2 43. a5 Ra2 44. Nc4 g5 45. hxg5 hxg5 46. Ke4 Nb2 47. Nd6 Rxa5 48. Nf7 Kg7 49. Nd6 g4 50. Kf4 Ra4+ 51. Kg3 Nd3 52. Nf5+ Kf6 53. Nd6 Ne5 54. Ne8+ Kg5 55. Nd6 Ra3+ 56. Kg2 Kf4 57. Kf2 Ra2+ 58. Kf1 Kf3 59.
Ke1 g3 0-1

[Event "*** Titled Tuesday Blitz"]
[Site "Chess.com"]
[Date "2020.11.03"]
[Round "2"]
[White "queen_iryna"]
[Black "aleksey1203borisovi4"]
[Result "0-1"]
[WhiteElo "2257"]
[BlackElo "2453"]
[TimeControl "180+1"]
[EndTime "10:19:32 PST"]
[Termination "aleksey1203borisovi4 won by resignation"]

1. e4 g6 2. d4 Bg7 3. Nc3 d6 4. Be3 Nf6 5. h3 Nc6 6. Qd2 e5 7. Nf3 O-O 8. O-O-O exd4 9. Nxd4 Bd7 10. Bc4 a6 11. Bg5 b5 12. Bb3 Nxd4 13. Qxd4 h6 14. Bh4 a5 15. a4 g5 16. Bg3 b4 17. Nd5 Nxd5 18. Qxd5 Be6 19. Qd3 Qf6 20. e5 dxe5 21.
Bxe6 Qxe6 22. Rhe1 Qa2 23. Qb3 Qxb3 24. cxb3 f6 25. Kb1 Rfd8 26. Rc1 Rd7 27. Rc5 Ra6 28. Rec1 f5 29. f3 Re6 30. Rxc7 Rxc7 31. Rxc7 e4 32. fxe4 fxe4 33. Rc2 e3 34. Re2 Bd4 35. Kc2 Kf7 36. Kd3 Bb6 37. Be1 Kf6 38. Kc4 Kf5 39.
Kd3 h5 40. g3 Rd6+ 41. Kc2 Ke4 42. g4 Rc6+ 43. Kd1 h4 44. Rc2 Rxc2 45. Kxc2 Kf3 46. Kd1 Kg2 47. Bxh4 gxh4 48. Ke2 Kxh3 49. g5 Kg4 50. g6 Bd4 51. Kd3 Bg7 52. Kxe3 h3 53. Kf2 Kg5 54. Kg3 Kxg6 55. Kxh3 Kf5 56. Kg3 Ke4 57.
Kf2 Kd3 58. Ke1 Kc2 59. Ke2 Kxb2 60. Kd3 Kxb3 0-1

[Event "*** Titled Tuesday Blitz"]
[Site "Chess.com"]
[Date "2020.11.03"]
[Round "2"]
[White "Heineccius"]
[Black "dretch"]
[Result "0-1"]
[WhiteElo "2536"]
[BlackElo "2817"]
[TimeControl "180+1"]
[EndTime "10:19:33 PST"]
[Termination "dretch won by resignation"]

1. d4 d5 2. c4 c6 3. Nf3 Nf6 4.
e3 Bf5 5. Nc3 e6 6. Nh4 Bg6 7. Qb3 Qb6 8. Nxg6 hxg6 9. Bd2 Nbd7 10. cxd5 Qxb3 11. axb3 exd5 12. Bd3 Bd6 13. h3 a6 14. f3 Bg3+ 15. Kf1 O-O-O 16. Ne2 Bc7 17. Kf2 Kb8 18. Bb4 Rde8 19. Rhe1 Nh5 20. Bd2 c5 21. Rac1 cxd4 22. exd4 Bd8 23. g3 Bc7 24. Kg2 Nhf6 25. Nf4 Rxe1 26. Rxe1 Bd6 27. Bb1 Ka7 28. Nd3 Nb8 29. Bf4 Bxf4 30. Nxf4 Nc6 31. Rd1 Re8 32. Kf2 g5 33. Ne2 Na5 34. Bc2 Nd7 35. Rd2 Nb8 36.
Nc3 Rd8 37. Bd1 Nbc6 38. h4 gxh4 39. gxh4 Nb4 40. Kg3 Rh8 41. Re2 Rh6 42. Re7 Rg6+ 43. Kf4 Rf6+ 44. Kg3 Nac6 45. Rd7 Nxd4 46. Nxd5 Nf5+ 47. Kf4 Nxd5+ 48. Rxd5 Ne7+ 49. Ke5 Nxd5 50. Kxd5 Rh6 0-1

[Event "*** Titled Tuesday Blitz"]
[Site "Chess.com"]
[Date "2020.11.03"]
[Round "2"]
[White "guillembaches"]
[Black "Michaelson_11"]
[Result "1/2-1/2"]
[WhiteElo "2396"]
[BlackElo "2149"]
[TimeControl "180+1"]
[EndTime "10:19:33 PST"]
[Termination "Game drawn by repetition"]

1. e4 c5 2. Nf3 Nc6 3. d4 cxd4 4. Nxd4 g6 5. c4 Nf6 6. Nc3 Nxd4 7. Qxd4 d6 8. Be3 Bg7 9. Qd2 O-O 10. Be2 a5 11.
f3 a4 12. Rb1 Qa5 13. O-O Be6 14.
Rfc1 Rfc8 15. b4 axb3 16. axb3 Qb4 17. Bf1 Nd7 18. Qc2 Qxc3 19. Qxc3 Bxc3 20. Rxc3 Ra2 21. b4 b5 22. c5 Ne5 23. Bxb5 Rb8 24. Bf1 dxc5 25. Bxc5 Kf8 26. b5 Nd7 27. Bf2 Nb6 28. Rc6 Na4 29. b6 Bd7 30. Rc7 Ke8 31. Rd1 Be6 32. b7 Rb2 33. Ra1 Nb6 34. Bxb6 Rxb6 35.
Ra7 Kd8 36. Rc1 R8xb7 37. Ra3 Ke8 38. Rac3 Kf8 39. Rc7 Kg7 40. Rxb7 Rxb7 41. Re1 Rb2 42. Re2 Rb1 43. Kf2 Bc4 44. Re1 Rb2+ 45. Kg1 Be6 46. Re2 Rb4 47. Re1 Rb2 1/2-1/2

[Event "*** Titled Tuesday Blitz"]
[Site "Chess.com"]
[Date "2020.11.03"]
[Round "2"]
[White "Quiet_Desperation"]
[Black "zmeeed67"]
[Result "1-0"]
[WhiteElo "1815"]
[BlackElo "2347"]
[TimeControl "180+1"]
[EndTime "10:19:33 PST"]
[Termination "Quiet_Desperation won by resignation"]

1. Nf3 Nc6 2. b3 d6 3. Bb2 Nf6 4. e3 Bg4 5. h3 Bh5 6. Be2 e5 7. O-O Be7 8. d4 e4 9. Nfd2 Bg6 10. c4 O-O 11. a3 Re8 12. Nc3 h5 13. Nd5 Nxd5 14. cxd5 Nb8 15. Bxh5 Bxh5 16. Qxh5 Bf8 17. Rac1 Nd7 18. Qe2 Nb6 19. f3 exf3 20. Qxf3 Qe7 21.
e4 Qd7 22. Nc4 Re7 23. Nxb6 axb6 24. e5 Rd8 25. Rcd1 Qb5 26. Rd2 Qa5 27. b4 Qa4 28. e6 f6 29. Qh5 Qe8 30. Qg4 Qb5 31. Qf5 c6 32. dxc6 Qxf5 33. Rxf5 bxc6 34. b5 d5 35.
bxc6 Rd6 36. Rc2 Rexe6 37. c7 Rc6 38. c8=Q Rxc8 39. Rxc8 Re1+ 40. Kf2 Rd1 41. Bc3 Rd3 42. Bb4 Rxd4 43. Rxf8+ Kh7 44. Rf3 Kg6 45. Rb8 Re4 46.
Rxb6 d4 47. Rd6 Rh4 48. Rd3 Rh5 49. R6xd4 Rf5+ 50. Kg3 Re5 51. a4 Kf7 52. Ra3 Rb5 53.
axb5 1-0

[Event "*** Titled Tuesday Blitz"]
[Site "Chess.com"]
[Date "2020.11.03"]
[Round "2"]
[White "VitaliyBernadskiy"]
[Black "Zq1"]
[Result "1-0"]
[WhiteElo "2752"]
[BlackElo "2499"]
[TimeControl "180+1"]
[EndTime "10:19:34 PST"]
[Termination "VitaliyBernadskiy won by resignation"]

1. e4 c5 2. c3 Nf6 3. e5 Nd5 4. Na3 d6 5. exd6 e6 6. Nf3 Bxd6 7. Nc4 Bc7 8. d4 cxd4 9. Nxd4 O-O 10.
Bd3 Nc6 11. Nxc6 bxc6 12. Qe2 g6 13. O-O a5 14. a4 Re8 15. Ne5 Qd6 16. f4 Bb7 17.
Kh1 c5 18. Bb5 Re7 19. Bd2 Nf6 20. Rad1 Qd8 21. Be1 Qf8 22. Bh4 Qg7 23. Nd7 Rxd7 24. Bxd7 Nd5 25. Bg3 Ba6 26. Bb5 Bb7 27. Qf2 Bb6 28. Bc4 Nf6 29. Bh4 Ne4 30. Qe3 Re8 31.
Bb5 Rf8 32. Rd7 Bd5 33. Rd1 h6 34. R7xd5 exd5 35. Rxd5 g5 36. fxg5 hxg5 37. Bxg5 f5 38.
Bc4 Kh8 39. Qh3+ Qh7 40. Qxh7+ Kxh7 41. Bf4 Bd8 42. g3 Bf6 43. Rxf5 Kg6 44. Rd5 Nf2+ 45. Kg2 Ng4 46. Bd3+ Kg7 47. h3 Nh6 48. Rd7+ Kg8 49. Bxh6 1-0

[Event "*** Titled Tuesday Blitz"]
[Site "Chess.com"]
[Date "2020.11.03"]
[Round "2"]
[White "GregShahade"]
[Black "kai_nov"]
[Result "1-0"]
[WhiteElo "2663"]
[BlackElo "2286"]
[TimeControl "180+1"]
[EndTime "10:19:36 PST"]
[Termination "GregShahade won on time"]

1. e4 c5 2. Nf3 Nc6 3. d4 cxd4 4. Nxd4 Nf6 5. Nc3 e5 6. Ndb5 d6 7. Bg5 a6 8. Na3 b5 9. Nd5 Be7 10. Bxf6 Bxf6 11. c4 bxc4 12. Nxc4 O-O 13. Nxf6+ gxf6 14. Qxd6 Qxd6 15. Nxd6 Nb4 16. O-O-O Nxa2+ 17. Kb1 Be6 18. Bc4 Nb4 19. Bxe6 fxe6 20. Nb7 Rfc8 21. Rd2 Nc6 22.
Nc5 Nd4 23. Nd3 Nb3 24. Rdd1 Rc4 25. f3 Rac8 26. Ka2 Nd4 27. Rd2 Rc2 28. Rhd1 Kf7 29. Nb4 Rxd2 30. Rxd2 a5 31. Nd3 Ke7 32. f4 exf4 33.
Nxf4 Nb5 34. g4 Rc4 35. Re2 Nd4 36. Re3 Ra4+ 37. Kb1 Ra1+ 38. Kxa1 Nc2+ 39. Kb1 Nxe3 40. h3 Kd6 41. Nd3 Nc4 42. Kc2 Ne5 43. Nf4 Nc6 44. Kd3 Ne5+ 45. Kd4 h6 46. Nh5 Ke7 47. b3 1-0

[Event "*** Titled Tuesday Blitz"]
[Site "Chess.com"]
[Date "2020.11.03"]
[Round "2"]
[White "Tenamu"]
[Black "canary2016"]
[Result "1-0"]
[WhiteElo "2366"]
[BlackElo "1948"]
[TimeControl "180+1"]
[EndTime "10:19:36 PST"]
[Termination "Tenamu won on time"]

1. d4 d5 2. Nc3 Nf6 3. Bf4 a6 4. e3 e6 5. a3 c5 6. f3 Nc6 7. Nge2 b5 8. g4 Bb7 9. h4 Rc8 10. Ng3 Bd6 11. g5 Bxf4 12. exf4 Nd7 13. dxc5 Nxc5 14. f5 Qd6 15. Kf2 Ne5 16. Qd4 O-O 17.
f6 Nc6 18. Qd2 Qe5 19. f4 Qd4+ 20. Qxd4 Nxd4 21. Rc1 Nxc2 22. fxg7 Kxg7 23. Nh5+ Kh8 24. Rh3 Nd4 25. Nf6 Nf5 26. Re1 d4 27. Nb1 Rfd8 28.
Nd2 Ne3 29. b4 Na4 30. Bd3 Ng2 31. Nh5 Nxe1 32. Kxe1 Rc1+ 33. Ke2 Nc3+ 34. Kf2 Rd1 35. Nb3 Rxd3 36. Rxd3 Be4 37. Rd2 Bg6 38. Nf6 Ne4+ 39. Nxe4 Bxe4 40. Nc5 Bf5 41. Nxa6 Ra8 42. Nc7 Rxa3 43.
Nxb5 Rb3 44. Rxd4 Rb2+ 45. Ke3 Rb3+ 46. Kd2 Rh3 47. Nd6 Rxh4 48. Nxf7+ Kg7 49. Ne5 Rh2+ 50. Kc3 Rh3+ 51. Kc4 Rh1 52. Rd7+ Kg8 53. Kc5 Kf8 54. Rf7+ Ke8 55. Rc7 Rh2 56. b5 1-0

[Event "*** Titled Tuesday Blitz"]
[Site "Chess.com"]
[Date "2020.11.03"]
[Round "2"]
[White "elisak43"]
[Black "Sviridov_Valery"]
[Result "1/2-1/2"]
[WhiteElo "2495"]
[BlackElo "2726"]
[TimeControl "180+1"]
[EndTime "10:19:39 PST"]
[Termination "Game drawn by repetition"]

1. Nf3 g6 2. g3 Bg7 3. Bg2 Nf6 4. O-O O-O 5. b3 c5 6. Bb2 d5 7. c4 d4 8. e3 Nc6 9. exd4 cxd4 10. d3 e5 11. b4 e4 12. dxe4 Nxe4 13. b5 Na5 14. Bxd4 Nxc4 15. Bxg7 Kxg7 16. Qc2 Ned6 17. Nbd2 Bf5 18.
Qc3+ Qf6 19. Qxf6+ Kxf6 20. Nxc4 Nxc4 21. Nd4 Nd6 22. Rfd1 Rfd8 23. Nxf5 Kxf5 24. Rac1 Ke6 25. Rc7 Nxb5 26. Re1+ Kf6 27. Rxb7 Rab8 28. Rbe7 Nc3 29. Rxa7 Rd2 30. Rb7 Rxb7 31. Bxb7 Rxa2 32. Bf3 Rb2 33. Kg2 h5 34. h4 Nb5 35. Rc1 Nd4 36. Rd1 Nf5 37. Ra1 Nd4 38. Ra6+ Kg7 39. Rd6 Nf5 40. Rd8 Rb4 41. Rd7 Rb2 42. Bd5 Ne3+ 43. Kf3 Nxd5 44. Rxd5 Rb3+ 45. Kg2 Rb2 46. Rd3 Ra2 47. Re3 Rb2 48.
Rf3 Ra2 49. Re3 Rb2 50. Rf3 Ra2 51. Re3 1/2-1/2

[Event "*** Titled Tuesday Blitz"]
[Site "Chess.com"]
[Date "2020.11.03"]
[Round "2"]
[White "yourstrulyme"]
[Black "vovachesss"]
[Result "0-1"]
[WhiteElo "2458"]
[BlackElo "2698"]
[TimeControl "180+1"]
[EndTime "10:19:39 PST"]
[Termination "vovachesss won on time"]

1. Nf3 d5 2. g3 c6 3. Bg2 Nf6 4. O-O Bf5 5. d3 e6 6. Nbd2 Be7 7. Qe1 h6 8. b3 O-O 9. Bb2 a5 10.
a3 Nbd7 11. e4 dxe4 12. dxe4 Bh7 13. Qe2 Qc7 14. Rad1 b5 15. c4 Rfb8 16. e5 Ne8 17.
Nd4 bxc4 18. Nxc6 Nc5 19. Nxb8 Bd3 20. Qe3 Rxb8 21. Bd4 Bxf1 22. Bxf1 cxb3 23. Rc1 b2 24. Rb1 Na4 25. Nc4 Qc6 26. Qe1 Nc7 27. Qxa5 Nd5 28. Nxb2 Nac3 29. Rc1 Ne2+ 30. Bxe2 Qxc1+ 31. Kg2 Rxb2 32. Qa8+ Bf8 33. Bf3 Rd2 34. Bxd5 Rxd4 35.
Bf3 Qxa3 36. Qe8 Qc5 37. Bh5 g6 38. Bxg6 fxg6 39. Qxg6+ Kh8 40. Qxe6 Bg7 41. Qe8+ Qf8 42. Qe6 Rd2 43. Qb6 Bxe5 44. h4 Bd4 45. Qg6 Qxf2+ 0-1

[Event "*** Titled Tuesday Blitz"]
[Site "Chess.com"]
[Date "2020.11.03"]
[Round "2"]
[White "Region_07"]
[Black "martynkovaelena"]
[Result "1/2-1/2"]
[WhiteElo "2450"]
[BlackElo "2282"]
[TimeControl "180+1"]
[EndTime "10:19:39 PST"]
[Termination "Game drawn - insufficient material"]

1. d4 Nf6 2. Bg5 d5 3. Bxf6 exf6 4. e3 c6 5. c4 Bd6 6. cxd5 cxd5 7. Nc3 Be6 8. Nge2 O-O 9. g3 Nd7 10. Bg2 Nb6 11. O-O f5 12. Qb3 g6 13. a4 a5 14.
Nxd5 Bc7 15. Nec3 Qd6 16. Qb5 Nxd5 17. Nxd5 Bd8 18. Rac1 h5 19. Qc5 Qxc5 20. Rxc5 h4 21. Rfc1 hxg3 22. hxg3 Kg7 23. Nc7 Bxc7 24. Rxc7 Rab8 25.
d5 Bc8 26. Re7 Kf6 27. Rcc7 b5 28. axb5 Rxb5 29. d6 Be6 30. Ra7 Rxb2 31. Rxa5 Rd2 32. Rc7 Rxd6 33. Bf3 Rfd8 34. Kg2 R8d7 35. Rxd7 Rxd7 36. Ra6 Rd2 37. e4 fxe4 38. Bxe4 Ke5 39. Bf3 Bd5 40. Ra5 Ke6 41. Rxd5 Rxd5 42. Bxd5+ Kxd5 43. Kf3 Ke5 44. Kg4 Kf6 45. f3 Kg7 46. Kg5 f6+ 47. Kf4 Kf7 48. Ke4 Ke6 49. g4 f5+ 50. Kf4 fxg4 51. Kxg4 Kf6 52. Kf4 g5+ 53. Kg4 Kg6 54.
f4 gxf4 55. Kxf4 1/2-1/2

[Event "*** Titled Tuesday Blitz"]
[Site "Chess.com"]
[Date "2020.11.03"]
[Round "2"]
[White "anon569"]
[Black "Das_Virus_2020"]
[Result "1/2-1/2"]
[WhiteElo "2239"]
[BlackElo "2426"]
[TimeControl "180+1"]
[EndTime "10:19:39 PST"]
[Termination "Game drawn by repetition"]

1. e4 e6 2. Nf3 d5 3. Nc3 Nf6 4. e5 Nfd7 5. d4 c5 6. dxc5 Nc6 7. Bf4 Nxc5 8. h4 h6 9. Qd2 a6 10. a3 b5 11. b4 Ne4 12. Nxe4 dxe4 13. Qxd8+ Nxd8 14. Nd2 Bb7 15. c4 bxc4 16. Nxc4 Nc6 17. Rd1 Be7 18. Be2 Rd8 19. Be3 Rxd1+ 20. Kxd1 O-O 21.
Kc2 Rd8 22. Kc3 Rd5 23. f4 f6 24. Nb6 Rd8 25. Bc4 Kf7 26. f5 Nxe5 27. Bxe6+ Ke8 28.
Bd4 Ng4 29. Re1 Bd6 30. Nc4 Bg3 31. Re2 Bxh4 32. Na5 Ba8 33. Bb6 Rd1 34. Bc5 Ne5 35. Nc4 Rd3+ 36. Kc2 Nxc4 37. Bxc4 Rd8 38. Kb3 Bb7 39. a4 Bg5 40. b5 axb5 41. Bxb5+ Kf7 42. a5 Rc8 43. Kb4 Bd5 44. a6 Rd8 45. a7 Ba8 46. Bb6 Rc8 47. Bc4+ Kf8 48. Bc5+ Ke8 49. Bb5+ Kd8 50.
Bb6+ Ke7 51. Bc5+ Kf7 52. Bc4+ Ke8 53. Bb5+ Kf7 54. Bc4+ Ke8 1/2-1/2

[Event "*** Titled Tuesday Blitz"]
[Site "Chess.com"]
[Date "2020.11.03"]
[Round "2"]
[White "WoolworthsManly"]
[Black "BanjoKazooieN64"]
[Result "1-0"]
[WhiteElo "2645"]
[BlackElo "2368"]
[TimeControl "180+1"]
[EndTime "10:19:40 PST"]
[Termination "WoolworthsManly won on time"]

1. e4 e5 2. Nf3 Nc6 3. Bb5 f5 4. d4 fxe4 5. Nxe5 Nf6 6. O-O a6 7. Bxc6 dxc6 8. Bg5 c5 9. dxc5 Qxd1 10. Rxd1 Bxc5 11.
Nc3 Bf5 12. Nd5 Bd6 13. Nc4 Kf7 14. Nxf6 gxf6 15. Nxd6+ cxd6 16. Bf4 e3 17. Bxe3 Bxc2 18.
Rxd6 Rhd8 19. Rb6 Rd7 20. f3 Rad8 21. Kf2 Ba4 22. Rb4 Bc6 23. Rh4 Kg7 24. Rg4+ Kf7 25. Rc1 Rd1 26. Rc5 Rb1 27. Bd4 Rd5 28. Rxd5 Bxd5 29.
Rf4 Bxa2 30. Rxf6+ Ke8 31. Rh6 Bg8 32. Rb6 Bd5 33. Rd6 Bg8 34. g4 Rd1 35. Ke3 Rh1 36. Be5 Re1+ 37. Kf4 Rc1 38. Bf6 Rc6 39. Rd8+ Kf7 40.
Bc3 Rc4+ 41. Ke5 Rc5+ 42. Kd4 Rc7 43. f4 b5 44. Ke5 Re7+ 45. Kf5 Rc7 46. Be5 Rb7 47.
h4 h6 48. g5 Bh7+ 49. Kg4 hxg5 50. fxg5 Ke6 51. Bc3 Bf5+ 52. Kf4 Bc2 53. h5 Rf7+ 54. Bf6 Rh7 55. Kg4 Bf5+ 56. Kh4 Bg6 57. h6 a5 58. Bg7 a4 59. Rb8 Bd3 60. Rb6+ Kf5 61. g6 1-0

[Event "*** Titled Tuesday Blitz"]
[Site "Chess.com"]
[Date "2020.11.03"]
[Round "2"]
[White "MIJuanReyesRosa"]
[Black "Vasily85"]
[Result "0-1"]
[WhiteElo "2119"]
[BlackElo "2397"]
[TimeControl "180+1"]
[EndTime "10:19:41 PST"]
[Termination "Vasily85 won on time"]

1. d4 f5 2. c4 e6 3. Nc3 Nf6 4. Bf4 b6 5. e3 Bb7 6. Nf3 Be7 7. h3 Ne4 8. Be2 d6 9. O-O Nxc3 10. bxc3 Nd7 11.
Nd2 O-O 12. Rb1 e5 13. Bh2 Bf6 14. Bf3 e4 15. Be2 Kh8 16. a4 a5 17. Nb3 Ba6 18.
Qc2 Qe7 19. c5 Bxe2 20. Qxe2 bxc5 21. dxc5 Bxc3 22. Rfc1 Be5 23. cxd6 cxd6 24. Rc7 Bxh2+ 25. Kxh2 Qe5+ 26. Kg1 Nc5 27. Nxc5 dxc5 28. Rbb7 Qa1+ 29. Kh2 Qe5+ 30. Kg1 Rg8 31. Qc4 Rab8 32. Rxb8 Rxb8 33. g3 Qxc7 34. Kg2 Qb7 35. h4 Rc8 36. h5 h6 37. Qe6 c4 38. Qxf5 c3 39. g4 c2 40. g5 c1=Q 41. gxh6 Qcc6 42. Kg3 Qxh6 43.
Kg4 Qf6 0-1

[Event "*** Titled Tuesday Blitz"]
[Site "Chess.com"]
[Date "2020.11.03"]
[Round "2"]
[White "WonderChampion"]
[Black "Loy_Konstantin"]
[Result "0-1"]
[WhiteElo "2019"]
[BlackElo "2376"]
[TimeControl "180+1"]
[EndTime "10:19:41 PST"]
[Termination "Loy_Konstantin won on time"]

1. e4 c5 2. Nf3 d6 3. Bb5+ Nd7 4. O-O a6 5. Bxd7+ Bxd7 6. Re1 Nf6 7. d4 cxd4 8. Nxd4 g6 9. Bg5 Bg7 10. Nc3 O-O 11.
Qd2 Rc8 12. Bh6 b5 13. Bxg7 Kxg7 14. Rad1 Qc7 15. f4 b4 16. Nd5 Nxd5 17. exd5 Rfe8 18. Qxb4 Rb8 19. Qa3 Qc5 20. Qxc5 dxc5 21. Nc6 Rxb2 22. Nxe7 Rxc2 23. d6 Rc4 24. Rd5 Rd4 25. Rxc5 Rxd6 26.
Rce5 Rb8 27. Nd5 Be6 28. Nc3 Rd3 29. Ne2 Rb2 30. Ng3 Rdd2 31. R5e2 Rxe2 32. Rxe2 Rxa2 33. Rxa2 Bxa2 34. Ne4 a5 35. Nc3 Bc4 36. Kf2 Kf6 37. Ke3 Ke6 38. Kd4 Bb3 39. Nb1 a4 40. Na3 Kf5 41. g3 Kg4 42. Ke3 Kh3 43. Kf3 Kxh2 44.
Kf2 Kh3 45. Kf3 h5 0-1